Map: [ESL] Equilibrium

Players

Coffee

  • Race: Terran Terran
  • Spawn Location: 1:00

Firefly - Winner!

  • Race: Protoss Protoss
  • Spawn Location: 11:00

Event: ESL SC2 Masters 2023 Winter (Regional)

VOD

Have the link to the VOD?

Description

Time

  • Played on: Nov. 18, 2023, 6:27 a.m.
  • Length: 8:47

All games in this series

Show
View Real Time Build Order
Export as new Build Order

Coffee Terran 

Build Orders:  

Get SALT Encoding   

  12  0:00  SCV  
  13  0:12  SCV  
  14  0:17  Supply Depot  
  14  0:24  SCV  
  15  0:38  SCV  
  15  0:40  Barracks  
  15  0:42  Refinery  
  16  0:50  SCV  
  17  1:02  SCV  
  18  1:14  SCV  
  19  1:26  Marine  
  19  1:27  Orbital Command  
  20  1:43  Command Center  
  20  1:54  Factory  
  20  1:58  SCV  
  21  2:02  Barracks Reactor  
  21  2:10  SCV  
  21  2:11  Supply Depot  
  21  2:15  Refinery  
  22  2:22  SCV  
  23  2:34  SCV  
  24  2:38  Hellion, Marine x2  
  24  2:42  Starport  
  28  2:46  SCV  
  29  2:54  Orbital Command  
  29  2:59  Marine x2  
  29  3:04  Hellion  
  33  3:06  SCV  
  34  3:18  Marine x2  
  36  3:20  Medivac  
  36  3:21  SCV  
  36  3:22  SCV  
  40  3:30  Supply Depot  
  40  3:34  SCV x2  
  40  3:39  Hellion  
  44  3:46  SCV x2  
  46  3:51  Barracks  
  46  3:57  Starport Tech Lab  
  46  3:58  SCV x2  
  48  4:02  Supply Depot  
  48  4:05  Marine x2  
  48  4:06  Factory Tech Lab  
  50  4:11  SCV x2  
  52  4:22  Raven, Bunker  
  52  4:23  Marine x2  
  47  4:27  SCV  
  47  4:28  SCV  
  47  4:30  Siege Tank  
  46  4:40  Refinery  
  46  4:41  Marine x2  
  46  4:42  Engineering Bay  
  46  4:43  SCV x2  
  46  4:45  Barracks  
  50  4:46  Supply Depot  
  51  4:53  Supply Depot  
  51  4:55  SCV x2  
  52  5:07  SCV x2  
  52  5:08  Terran Infantry Weapons Level 1  
  53  5:15  Stimpack, Marine x3  
  53  5:16  Siege Tank  
  53  5:19  SCV x2  
  61  5:30  Supply Depot  
  61  5:31  SCV x2  
  61  5:35  Marine x2  
  59  5:41  Supply Depot  
  59  5:42  Marine, Supply Depot  
  60  5:43  SCV x2  
  61  5:55  SCV x2  
  61  5:56  Starport Reactor  
  63  5:58  Combat Shield, Factory Reactor  
  63  5:59  Marauder, Marine x2  
  63  6:01  Marauder  
  67  6:07  SCV x2  
  64  6:17  Marine x2  
  63  6:19  SCV x2  
  63  6:21  Marauder  
  63  6:22  Marauder  
  68  6:31  SCV  
  69  6:34  Medivac x2  
  69  6:35  Barracks  
  69  6:36  Barracks  
  69  6:38  Command Center  
  69  6:39  Widow Mine x2  
  77  6:40  Marine  
  77  6:41  Marine  
  77  6:44  Marauder  
  77  6:45  Marauder  
  83  6:48  Supply Depot  
  83  6:49  Supply Depot  
  83  6:52  Refinery  
  83  6:58  Concussive Shells  
  83  7:00  Supply Depot  
  83  7:01  Missile Turret, Widow Mine  
  85  7:07  Supply Depot  
  85  7:10  Widow Mine, Marine x2  
  89  7:16  Marauder x2  
  89  7:21  Medivac x2  
  97  7:28  Marine  
  97  7:29  Barracks Reactor, Barracks Tech Lab, Marine  
  99  7:34  Widow Mine x2  
  103  7:42  SCV x2, Marauder x2  
  109  7:44  Supply Depot  
  109  7:45  Supply Depot  
  109  7:51  Orbital Command, Marine x2  
  97  8:05  Marauder x2  
  90  8:06  Marauder  
  91  8:16  Marine x2  
  91  8:17  Marine, Widow Mine  
Show
View Real Time Build Order
Export as new Build Order

Firefly Protoss - Winner!

Build Orders: 1 Gate Expand, Blink Stalkers 

Get SALT Encoding   

  12  0:00  Probe  
  13  0:12  Probe  
  14  0:17  Pylon  
  14  0:24  Probe  
  15  0:35  Gateway  
  15  0:36  Probe (Chrono Boost)  
  16  0:46  Probe (Chrono Boost)  
  16  0:47  Assimilator  
  17  0:51  Probe (Chrono Boost)  
  18  1:03  Probe  
  19  1:15  Probe  
  20  1:22  Cybernetics Core  
  20  1:32  Nexus  
  20  1:38  Pylon  
  20  1:42  Probe  
  21  1:47  Assimilator  
  21  1:54  Probe  
  22  1:56  Adept (Chrono Boost)  
  22  1:57  Warp Gate (Chrono Boost)  
  24  2:06  Probe  
  25  2:18  Probe  
  26  2:25  Twilight Council  
  26  2:30  Probe  
  26  2:33  Gateway  
  27  2:37  Gateway  
  27  2:42  Probe  
  27  2:44  Probe  
  29  2:52  Blink (Chrono Boost)  
  29  2:54  Probe  
  29  2:56  Probe  
  31  3:06  Probe  
  31  3:08  Probe  
  33  3:13  Robotics Facility  
  33  3:18  Probe  
  34  3:20  Probe  
  34  3:22  Pylon  
  35  3:30  Probe  
  36  3:34  Probe  
  36  3:37  Stalker x2  
  36  3:40  Stalker  
  42  3:46  Probe  
  42  3:47  Probe  
  44  3:58  Probe  
  44  3:59  Probe  
  46  4:04  Stalker x2  
  46  4:09  Stalker  
  52  4:10  Probe  
  52  4:14  Probe  
  54  4:23  Nexus  
  54  4:31  Probe x2, Pylon  
  54  4:39  Assimilator  
  54  4:42  Pylon  
  54  4:49  Stalker x2  
  54  4:50  Stalker  
  62  4:54  Shield Battery  
  62  4:57  Observer  
  62  4:58  Pylon, Probe  
  62  5:00  Forge  
  62  5:01  Probe  
  62  5:05  Pylon  
  63  5:15  Probe (Chrono Boost)  
  63  5:16  Probe (Chrono Boost)  
  63  5:18  Charge  
  65  5:25  Pylon  
  65  5:27  Probe x2 (Chrono Boost)  
  67  5:35  Probe  
  65  5:37  Probe  
  65  5:38  Probe  
  65  5:42  Gateway  
  68  5:43  Gateway  
  68  5:47  Probe  
  68  5:49  Probe  
  70  5:51  Probe  
  70  5:55  Gateway  
  70  5:56  Gateway  
  71  5:59  Gateway, Templar Archives, Probe  
  71  6:00  Unknown  
  71  6:01  Probe  
  71  6:03  Probe  
  70  6:16  Psionic Storm  
  70  6:22  Protoss Ground Armor Level 1 (Chrono Boost)  
  70  6:28  Zealot x3  
  70  6:29  Warp Prism  
  70  6:31  Pylon  
  78  6:33  Pylon x2  
  78  6:34  Pylon  
  78  6:39  Pylon  
  78  6:40  High Templar x2  
  78  6:42  Pylon  
  78  6:44  Pylon  
  78  6:47  Photon Cannon  
  82  6:49  Shield Battery  
  82  6:52  High Templar  
  82  6:53  Zealot x4  
  92  6:58  Zealot  
  94  7:03  Pylon  
  94  7:15  High Templar, Stalker x3  
  102  7:16  Zealot x2  
  106  7:26  Stalker  
  106  7:27  Stalker  
  110  7:31  Pylon  
  110  7:35  Pylon  
  110  7:36  Nexus  
  110  7:42  Stalker x5  
  110  8:00  Archon  
  96  8:07  Zealot x8  
  106  8:25  Forge  
  106  8:26  Pylon  
  106  8:27  Stalker x7  
  106  8:29  Zealot  
Tags
 
Add a new tag
Caveats
  • Supply blocks, unpowered buildings, or Contaminate may cause inaccurate times.
  • Supply counts are checked every 10 seconds.